 Dungeon Crawl Stone Soup version 0.26.1-10-gdfb7c7de75 (webtiles) character file.

Game seed: 4904829886111180454

40 raph the Poker (level 3, 0/42 HPs)
             Began as a Merfolk Gladiator on Apr 5, 2021.
             Succumbed to an adder's poison
             ... on level 2 of the Dungeon.
             The game lasted 00:01:40 (1133 turns).

raph the Poker (Merfolk Gladiator)                  Turns: 1133, Time: 00:01:40

Health: 0/42       AC: 21    Str: 14    XL:     3   Next: 50%
Magic:  3/3        EV:  2    Int:  7    God:
Gold:   61         SH:  0    Dex: 16    Spells: 2/2 levels left

rFire    . . .     SeeInvis .   a - +0 trident
rCold    . . .     Faith    .   (no shield)
rNeg     + + +     Spirit   .   (armour currently unavailable)
rPois    +         Reflect  .   (helmet currently unavailable)
rElec    .         Harm     .   (cloak currently unavailable)
rCorr    .         Rampage  .   (gloves currently unavailable)
Will     .....     NoTele   +   (boots currently unavailable)
Stlth    +.........             (no amulet)
HPRegen  0.14/turn              j - ring of positive energy
MPRegen  0.08/turn              (no ring)

@: lethally poisoned (0 -> -3), tree-form (expiring)
A: (change form in water), (swift swim), (stealthy swim)
a: no special abilities


You were on level 2 of the Dungeon.
You were a tree.
You visited 1 branch of the dungeon, and saw 2 of its levels.

You collected 61 gold pieces.

Inventory:

Hand Weapons
 a - a +0 trident (weapon)
Missiles
 d - 3 throwing nets (quivered)
Armour
 b - a +0 leather armour (melded)
 c - a +0 helmet (melded)
Jewellery
 j - a ring of positive energy (left branch)
Scrolls
 e - 2 scrolls of immolation {unknown}
 f - a scroll of magic mapping {unknown}
 g - 2 scrolls of fog {unknown}
 h - 3 scrolls of remove curse {unknown}
 l - a scroll of fear {unknown}
Potions
 i - a potion of flight


   Skills:
 + Level 2.6 Fighting
 * Level 5.3 Polearms
 + Level 2.4 Throwing
 + Level 4.4 Dodging


You had 2 spell levels left.
You didn't know any spells.
Your spell library was empty.

Dungeon Overview and Level Annotations

Branches:
Dungeon (2/15)

Altars:


Message History

* * * LOW HITPOINT WARNING * * *
You feel sick. The adder bites you but does no damage.
You barely miss the adder.
The adder is heavily wounded.
The adder bites you but does no damage.
You hit the adder.
The adder is heavily wounded.
* * * LOW HITPOINT WARNING * * *
You feel sick.
The adder bites you but does no damage. x2
You closely miss the adder.
The adder is heavily wounded.
Your transformation is almost over.
* * * LOW HITPOINT WARNING * * *
You feel sick. The adder bites you but does no damage.
You hit the adder.
You kill the adder!
You barely miss the frilled lizard.
The frilled lizard bites you but does no damage.
You miss the frilled lizard.
You die...

..! #..# ##...
#....# ##.....
.......#######.#
#......l♣.....#
#.$...<######...
####..†..(..#
#..).....#
#[.......#
#........#
#.........#
............
####.......#.


You could see a frilled lizard.

Vanquished Creatures
  A gnoll (D:1)
  An adder (D:2)
  A leopard gecko (D:1)
  4 bats (D:1)
  A giant cockroach (D:1)
  2 goblins (D:1)
  A hobgoblin (D:1)
  2 quokkas
  2 frilled lizards
  5 kobolds
  2 rats
22 creatures vanquished.

Vanquished Creatures (others)
  2 plants (D:1)
2 creatures vanquished.

Grand Total: 24 creatures vanquished

Notes
Turn   | Place    | Note
-------+----------+-------------------------------------------
     0 | D:1      | raph the Merfolk Gladiator began the quest for the Orb.
     0 | D:1      | Reached XP level 1. HP: 16/16 MP: 1/1
   244 | D:1      | Reached XP level 2. HP: 23/23 MP: 2/2
   385 | D:1      | Reached skill level 5 in Polearms
   431 | D:1      | You fall into a shaft and drop 1 floor!
   826 | D:1      | Reached XP level 3. HP: 27/28 MP: 3/3
  1127 | D:2      | HP: 2/42 [poisoned by an adder]
  1133 | D:2      | Succumbed to an adder's poison

Illustrated notes

Levels and vault maps discovered:
D:1:      dpeg_arrival_radiant, layout_rooms, serial_forest,
          infiniplex_forest_clump_small, infiniplex_forest_end_2,
          infiniplex_forest_clump_medium, infiniplex_forest_fountain,
          infiniplex_forest_clump_diagonal
D:2:      layout_rooms, gammafunk_temple_overflow_statue

Skill      XL: |  1  2 |
---------------+-------+-----
Polearms       | 5 |  5.3
Fighting       | |  2.6
Throwing       | |  2.4
Dodging        | |  4.4

Action                   || total
-------------------------++-------
Melee: Trident           ||   101
  Use: Potion            ||     2
 Stab: Sleeping          ||     1
Armor: Leather armour    ||    19
       Skin              ||    10
Dodge: Dodged            ||    81
